 Dungeon Crawl Stone Soup version 0.30.0-29-ga12c61a403 (webtiles) character file.

Game seed: 17430825696420846516

12858 Arctor the Destroyer (level 11, -2/73 HPs)
             Began as a Gargoyle Conjurer on June 21, 2023.
             Was an Elder of Vehumet.
             Slain by a skeletal warrior
             ... wielding a +0 long sword
              (15 damage)
             ... on level 10 of the Dungeon.
             The game lasted 00:38:29 (11897 turns).

Arctor the Destroyer (Gargoyle Conjurer)           Turns: 11897, Time: 00:38:30

Health: -2/73      AC: 19    Str: 17    XL:     11   Next: 99%
Magic:  4/29       EV: 11    Int: 26    God:    Vehumet [****..]
Gold:   611        SH: 11    Dex: 10    Spells: 7/23 levels left

rFire   . . .        o - +6 hand axe of Javaemy {drain, Dex+3}
rCold   . . .        Q - +2 kite shield
rNeg    + . .        z - +3 leather armour
rPois   ∞            G - +0 helmet
rElec   +            w - +0 cloak
rCorr   .            h - +0 pair of gloves
SInv    .            (no boots)
Will    .....        (no amulet)
Stlth   +++          j - +6 ring of strength
HPRegen 0.32/turn    r - ring of magical power
MPRegen 0.21/turn

%: no passive effects
@: no status effects
A: sickness immunity, AC +8, negative energy resistance 1, electricity
resistance, torment resistance 1, petrification resistance, iridescent scales 1,
clever 1, robust 1
a: Renounce Religion


You were on level 10 of the Dungeon.
You worshipped Vehumet.
Vehumet was greatly pleased with you.
You visited 1 branch of the dungeon, and saw 11 of its levels.

You collected 611 gold pieces.

Inventory:

Hand Weapons
 k - a +0 short sword of speed
 o - the +6 hand axe of Javaemy (weapon) {drain, Dex+3}
   (You took it off an orc on level 4 of the Dungeon)

   Dex:       It affects your dexterity (+3).
Armour
 a - a +0 robe
 h - a +0 pair of gloves (worn)
 w - a +0 cloak (worn)
 x - a +0 buckler
 z - a +3 leather armour (worn)
 G - a +0 helmet (worn)
 Q - a +2 kite shield (worn)
Magical Staves
 f - a staff of poison
 i - a staff of air
Jewellery
 j - a +6 ring of strength (left hand)
 r - a ring of magical power (right hand)
 E - a ring of ice
 O - a ring of protection from fire
Wands
 e - a wand of flame (10)
 C - a wand of roots (16)
 D - a wand of paralysis (8)
Scrolls
 l - 4 scrolls of teleportation
 n - 3 scrolls of vulnerability
 s - 2 scrolls of enchant weapon
 v - 4 scrolls of magic mapping
 y - 2 scrolls of torment
 B - 5 scrolls of noise
 F - a scroll of blinking
 J - 2 scrolls of poison
 P - a scroll of fear {unknown}
Potions
 b - 3 potions of magic
 c - a potion of resistance
 d - 5 potions of degeneration
 g - 4 potions of ambrosia
 m - a potion of lignification {unknown}
 p - 5 potions of heal wounds
 q - 6 potions of curing
 t - 4 potions of haste {unknown}
 u - 4 potions of flight {unknown}
 A - 2 potions of invisibility {unknown}
 K - 2 potions of cancellation {unknown}
 L - a potion of brilliance {unknown}
 M - a potion of attraction {unknown}
 N - a potion of might {unknown}


   Skills:
 + Level 7.2 Fighting
 + Level 5.2 Axes
 + Level 5.8 Dodging
 + Level 8.5 Stealth
 + Level 7.0 Shields
 + Level 6.6 Spellcasting
 + Level 9.7 Conjurations
 + Level 5.2 Translocations


You had 7 spell levels left.
You knew the following spells:

 Your Spells              Type           Power      Damage    Failure   Level
a - Magic Dart            Conj           100%       1d8       1%          1
b - Searing Ray           Conj           100%       2d8       1%          2
c - Dazzling Flash        Conj/Hex       68%        N/A       2%          3
d - Iskenderun's Mystic   Conj/Tloc      47%        2d10      2%          4
e - Fulminant Prism       Conj/Hex       17%        3d11      7%          4
f - Momentum Strike       Conj/Tloc      94%        3d10      1%          2

Your spell library contained the following spells:

 Spells                   Type           Power      Damage    Failure   Level
 Freezing Cloud           Conj/Ice/Air   12%        6-21      32%         5
 Gell's Gravitas          Tloc           35%        N/A       6%          3
 Teleport Other           Tloc           35%        N/A       6%          3
 Necrotise                Necr           32%        1d5       19%         1
 Vampiric Draining        Necr           8%         2d6       50%         3
 Dispersal                Tloc           17%        N/A       97%         6
 Agony                    Necr           8%         N/A       99%         5


Dungeon Overview and Level Annotations

Branches:
Dungeon (11/15)            Temple (0/1) D:6
   Lair: D:8-11         Orc: D:9-12

Altars:
Cheibriados
Elyvilon
Fedhas
Gozag
Nemelex Xobeh
Ru
Vehumet
Zin

Shops:
D:6 !

Annotations:
D:8 2 transporters
D:10 Fannar


Innate Abilities, Weirdness & Mutations

You are immune to sickness and miasma.
Your stone body is resilient. (AC +8)
You are immune to poison.
You resist negative energy. (rN+)
You are resistant to electric shocks. (rElec)
You are resistant to unholy torment.
You are immune to petrification.
You are partially covered in iridescent scales. (AC +2)
Your mind is acute. (Int +4, Str/Dex -1)
You are robust. (+10% HP)


Message History

The wraith is heavily damaged.
The skeletal warrior hits you with a +0 long sword!
The wraith hits you but does no damage.
Unknown command.
The skeletal warrior attacks as you move away!
The skeletal warrior hits you but does no damage.
The wraith barely misses you. The wraith attacks as you move away!
The wraith barely misses you.
The skeletal warrior attacks as you move away!
The skeletal warrior misses you.
The kobold brigand throws a poisoned dart.
The poisoned dart hits you!
Things that are here:
a +0 plate armour; a +0 scimitar; 7 gold pieces You completely miss the skeletal warrior.
The skeletal warrior is almost destroyed.
You block the skeletal warrior's attack.
The skeletal warrior attacks as you move away!
You block the skeletal warrior's attack.
You hit the skeletal warrior but do no damage.
The skeletal warrior is almost destroyed.
A kobold comes into view. It is wielding a +0 short sword.
The skeletal warrior completely misses you.
A kobold comes into view. It is wielding a +0 whip.
A kobold comes into view. It is wielding a +2 dagger of venom.
The skeletal warrior attacks as you move away!
The skeletal warrior hits you with a +0 long sword.
You block the wraith's attack. The wraith attacks as you move away!
The wraith hits you. The wraith attacks as you move away!
You block the wraith's attack. The wraith attacks as you move away!
The wraith hits you but does no damage.
A wyvern comes into view.
You see here 6 stones.
The skeletal warrior attacks as you move away!
The skeletal warrior hits you with a +0 long sword!!
* * * LOW HITPOINT WARNING * * *
There is a stone staircase leading up here.
The wyvern hisses angrily.
The skeletal warrior hits you with a +0 long sword!
You die...

### #<# ### #.# #.. #[#
#.# #[# #.# #[# ###.##
#.############Wz@.####
#.##..........K##.......
...)....................
...#....###.......###.l.
#.##..[..#.........# ..
. #.##..#..#$.#...#.$#
..# #.##[.#######...####
#..#.
..#...#..#..#...#..#
.#...#
.##......#.........#
......


You could see a skeletal warrior, a wraith, a wyvern and a kobold brigand.

Vanquished Creatures
  2 deep elf pyromancers (D:10)
  Pikel (D:3)
  A moth of wrath (shapeshifter) (D:10)
  Joseph (D:7)
  2 gargoyles (D:10)
  A kobold demonologist (D:10)
  A queen bee (D:10)
  A troll (D:10)
  A hornet (D:10)
  Prince Ribbit (D:7)
  Sigmund (D:6)
  3 wraiths (D:10)
  18 yaks
  Eustachio (D:4)
  A wyvern (D:8)
  3 steam dragons
  3 vampire mosquitoes (D:7)
  Menkaure (D:7)
  2 water moccasins
  An ice beast (D:5)
  3 orc warriors (D:10)
  2 black bears
  2 ogres
  4 centaurs
  4 lemures (D:4)
  2 kobold brigands
  7 bullfrogs
  2 gnoll sergeants (D:9)
  10 wights
  21 killer bees
  2 electric eels (D:7)
  3 howler monkeys (D:10)
  2 quasits (D:8)
  3 jellies
  Crazy Yiuf (D:4)
  5 orc priests
  4 hounds
  A gnoll bouda (D:8)
  3 iguanas
  9 orc wizards
  8 adders
  13 gnolls
  A river rat (D:4)
  2 shadow imps
  3 white imps
  7 ufetubi
  2 worms (D:2)
  31 orcs
  7 ball pythons
  3 bats
  9 endoplasms
  4 giant cockroaches
  9 goblins
  7 hobgoblins
  2 jackals (D:5)
  3 quokkas
  2 frilled lizards (D:2)
  11 kobolds
  10 rats
  3 fulminant prisms (D:10)
273 creatures vanquished.

Vanquished Creatures (collateral kills)
  2 killer bees (D:9)
2 creatures vanquished.

Vanquished Creatures (others)
  2 kobolds (D:9)
  15 fulminant prisms
17 creatures vanquished.

Grand Total: 292 creatures vanquished

Notes
Turn   | Place    | Note
-------+----------+-------------------------------------------
     0 | D:1      | Arctor the Gargoyle Conjurer began the quest for the Orb.
     0 | D:1      | Reached XP level 1. HP: 10/10 MP: 3/3
   340 | D:1      | Reached XP level 2. HP: 12/15 MP: 5/5
   390 | D:1      | Reached skill level 5 in Conjurations
   648 | D:2      | Found a faded altar of an unknown god.
   778 | D:2      | Reached XP level 3. HP: 19/19 MP: 2/6
  1129 | D:2      | Reached skill level 6 in Conjurations
  1212 | D:2      | Reached XP level 4. HP: 24/24 MP: 2/7
  1215 | D:2      | Learned a level 2 spell: Searing Ray
  1597 | D:2      | Gained mutation: Your spells are a little easier to cast,
                  | but a little less powerful. [potion of mutation]
  1597 | D:2      | Gained mutation: You are robust. (+10% HP) [potion of
                  | mutation]
  1753 | D:2      | Lost mutation: You are robust. (+10% HP) [potion of
                  | mutation]
  1753 | D:2      | Lost mutation: Your spells are a little easier to cast, but
                  | a little less powerful. [potion of mutation]
  1753 | D:2      | Gained mutation: You are robust. (+10% HP) [potion of
                  | mutation]
  1753 | D:2      | Gained mutation: Your mind is acute. (Int +4, Str/Dex -1)
                  | [potion of mutation]
  1753 | D:2      | Gained mutation: You are partially covered in iridescent
                  | scales. (AC +2) [potion of mutation]
  1967 | D:3      | Noticed an ogre
  1976 | D:3      | Killed an ogre
  1977 | D:3      | Reached skill level 1 in Fighting
  1977 | D:3      | Reached XP level 5. HP: 31/31 MP: 8/8
  2835 | D:4      | Noticed Pikel
  2835 | D:4      | Noticed a lemure
  2835 | D:4      | Noticed a lemure
  2836 | D:4      | Noticed a lemure
  2836 | D:4      | Noticed a lemure
  2889 | D:3      | Learned a level 3 spell: Dazzling Flash
  2903 | D:4      | Reached XP level 6. HP: 38/38 MP: 8/9
  3233 | D:4      | Reached skill level 1 in Shields
  3757 | D:4      | Noticed Eustachio
  3893 | D:3      | Killed Pikel
  3894 | D:3      | Reached skill level 7 in Conjurations
  3894 | D:3      | Reached XP level 7. HP: 29/45 MP: 4/12
  4004 | D:4      | Learned a level 4 spell: Iskenderun's Mystic Blast
  4052 | D:4      | Identified the +6 hand axe of Javaemy {drain, Dex+3}
  4186 | D:4      | Killed Eustachio
  4187 | D:4      | Reached XP level 8. HP: 50/50 MP: 10/13
  4545 | D:4      | Identified the +1 leather armour of the Valley of Death
                  | {rN++ Str-5}
  4721 | D:4      | Found a runed translucent door.
  4722 | D:4      | Noticed Crazy Yiuf
  5132 | D:4      | Killed Crazy Yiuf
  5206 | D:5      | Entered Level 5 of the Dungeon
  5370 | D:5      | Reached skill level 1 in Translocations
  5465 | D:5      | Reached skill level 5 in Stealth
  5648 | D:5      | Reached skill level 1 in Axes
  5732 | D:5      | Found a radiant altar of Vehumet.
  5755 | D:5      | Became a worshipper of Vehumet
  6512 | D:6      | Found a white marble altar of Elyvilon.
  6606 | D:6      | Found Tiafuet's Distillery.
  6606 | D:6      | Noticed Sigmund
  6615 | D:6      | Reached XP level 9. HP: 57/57 MP: 15/15
  6623 | D:6      | Killed Sigmund
  6733 | D:6      | Found a staircase to the Ecumenical Temple.
  6882 | D:6      | Found a glowing silver altar of Zin.
  7048 | D:7      | Noticed Menkaure
  7057 | D:7      | Killed Menkaure
  7166 | D:7      | Reached skill level 8 in Conjurations
  7431 | D:7      | Reached skill level 5 in Fighting
  7588 | D:7      | Learned a level 4 spell: Fulminant Prism
  7714 | D:7      | Noticed Prince Ribbit
  7744 | D:7      | Killed Prince Ribbit
  7744 | D:7      | Reached * piety under Vehumet
  7744 | D:7      | Offered knowledge of Shock by Vehumet.
  7932 | D:7      | Reached XP level 10. HP: 64/64 MP: 17/17
  7945 | D:7      | Noticed Joseph
  7953 | D:7      | Killed Joseph
  7954 | D:7      | Reached skill level 5 in Shields
  7954 | D:7      | Reached skill level 5 in Spellcasting
  8119 | D:7      | Found a blossoming altar of Fedhas.
  8172 | D:8      | Found a sacrificial altar of Ru.
  8181 | D:8      | Found a transporter.
  8211 | D:8      | Identified the +1 robe of Youthful Indiscretion {+Blink
                  | rPois Will-}
  8224 | D:8      | Noticed a boulder beetle
  8425 | D:8      | Noticed a centaur warrior
  8426 | D:8      | Noticed a two-headed ogre
  8428 | D:8      | Noticed a skeletal warrior
  8440 | D:8      | Found a transporter.
  8445 | D:8      | Noticed a red ugly thing
  8454 | D:8      | Noticed a two-headed ogre
  8996 | D:8      | Reached ** piety under Vehumet
  8996 | D:8      | Offered knowledge of Momentum Strike by Vehumet.
  9218 | D:9      | Found a sparkling altar of Nemelex Xobeh.
  9715 | D:9      | Reached skill level 5 in Dodging
  9774 | D:9      | Reached skill level 9 in Conjurations
  9777 | D:9      | Reached XP level 11. HP: 64/70 MP: 18/19
  9858 | D:9      | Found a snail-covered altar of Cheibriados.
 10052 | D:9      | Found an opulent altar of Gozag.
 10156 | D:9      | Learned a level 2 spell: Momentum Strike
 10162 | D:10     | Entered Level 10 of the Dungeon
 10179 | D:10     | Offered knowledge of Volatile Blastmotes by Vehumet.
 10295 | D:10     | Reached *** piety under Vehumet
 10561 | D:10     | Offered knowledge of Frozen Ramparts by Vehumet.
 10761 | D:10     | Noticed Fannar
 10763 | D:10     | Noticed a glowing orange brain
 10779 | D:10     | a glowing orange brain changed into a steelbarb worm
 10779 | D:10     | Noticed a steelbarb worm (shapeshifter)
 11226 | D:10     | Noticed a deep elf pyromancer
 11242 | D:10     | Killed a deep elf pyromancer
 11259 | D:10     | Reached skill level 5 in Translocations
 11264 | D:10     | Noticed a sea snake
 11518 | D:10     | Noticed a deep elf pyromancer
 11519 | D:10     | Reached skill level 5 in Axes
 11527 | D:10     | Noticed a moth of wrath
 11536 | D:10     | Killed a moth of wrath
 11608 | D:10     | Reached **** piety under Vehumet
 11647 | D:10     | Offered knowledge of Freezing Cloud by Vehumet.
 11846 | D:10     | Noticed a skeletal warrior
 11849 | D:10     | Killed a deep elf pyromancer
 11897 | D:10     | Slain by a skeletal warrior

Illustrated notes

Levels and vault maps discovered:
D:1:      shiori_arrival_elements, layout_basic
D:2:      layout_loops_ring, basic_ecumenical_altar
D:3:      layout_loops_cross
D:4:      cheibrodos_pilgrimage, layout_layer_cave, portal_sewer_entry_e,
          hangedman_abyss_or_decor_stagger, grunt_ministairs_13,
          uniq_crazy_yiuf_cottage, uniq_eustachio, uniq_pikel
D:5:      layout_basic, nicolae_vehumet_radiance, nicolae_nh_ransacked_shop
D:6:      layout_basic, elyvilon_altar_3, mainiacjoe_overflow_24_doors,
          temple_doors_e, serial_shops, shop, uniq_sigmund
D:7:      layout_cave_pools, fedhas_altar_fruit_tree, serial_bayou_lake_a,
          uniq_prince_ribbit1, uniq_menkaure, uniq_joseph
D:8:      gammafunk_the_bubble [the_bubble_gammafunk_split], layout_basic,
          old_standard_altar, serial_demonic, serial_demonic_b,
          serial_demonic_c, serial_demonic_a, serial_demonic_b, st_stairs_4,
          chequers_serial_rivers_room_a
D:9:      layout_roguey, mainiacjoe_overflow_surrounded_room,
          mainiacjoe_overflow_brackets, grunt_gozag_breadcrumbs
D:10:     hangedman_cross_cluster, layout_basic, enter_bailey_2, minivault_7,
          uniq_fannar
D:11:     layout_basic, hellmonk_lair_entry_icy, serial_glass, glass_columns_c,
          glass_columns_c, glass_columns_a, glass_columns_a, glass_columns_a,
          item_on_display_a, item_on_display_a, dk_noncrumbling_4,
          grunt_ministairs_11

Skill      XL: |  1  2  3  4  5  6  7  8  9 10 11 |
---------------+----------------------------------+-----
Conjurations   | 5 6 7 8 9 |  9.7
Fighting       | 1 3 4 5 6 7 |  7.2
Dodging        | 2 3 4 5 |  5.8
Stealth        | 3 4 5 6 7 8 |  8.5
Shields        | 2 3 4 5 7 |  7.0
Spellcasting   | 3 4 5 6 |  6.6
Translocations | 2 3 4 5 |  5.2
Axes           | 1 2 4 5 |  5.2

Action                     |  1- 3 |  4- 6 |  7- 9 | 10-12 || total
---------------------------+-------+-------+-------+-------++-------
  Melee: Staff             |    20 |       |       |       ||    20
         Short sword       |    88 |    49 |       |       ||   137
         Hand axe          |       |       |    81 |   256 ||   337
   Cast: Magic Dart        |    24 |   123 |    43 |    16 ||   206
         Searing Ray       |       |    47 |    67 |    60 ||   174
         Iskenderun's Myst |       |       |     1 |    25 ||    26
         Fulminant Prism   |       |       |     1 |    17 ||    18
         Dazzling Flash    |       |       |       |     3 ||     3
         Momentum Strike   |       |       |       |     1 ||     1
    Use: Scroll            |       |     8 |     3 |     9 ||    20
         Potion            |       |     3 |       |     2 ||     5
   Stab: Sleeping          |     3 |       |     1 |     3 ||     7
 Armour: Robe              |    46 |     4 |       |       ||    50
         Leather armour    |       |    46 |    69 |   186 ||   301
  Dodge: Dodged            |    55 |    64 |    75 |   182 ||   376
  Block: Buckler           |       |    11 |    27 |    31 ||    69
         Kite shield       |       |       |       |   191 ||   191
